 Dungeon Crawl Stone Soup version 0.28.0-53-g5a82cb258f (webtiles) character file.

Game seed: 12177454451284263841

25 Gabide the Shooter (level 2, 0/17 HPs)
             Began as a Deep Elf Hunter on June 17, 2022.
             Frozen to death by an endoplasm (3 damage)
             ... on level 1 of the Dungeon.
             The game lasted 00:01:30 (803 turns).

Gabide the Shooter (Deep Elf Hunter)                 Turns: 803, Time: 00:01:31

Health: 0/17       AC:  3    Str:  9    XL:     2   Next: 82%
Magic:  4/4        EV: 12    Int: 15    God:
Gold:   13         SH:  0    Dex: 15    Spells: 1/1 levels left

rFire   . . .      SeeInvis .   a - +1 shortbow
rCold   . . .      Faith    .   (shield currently unavailable)
rNeg    . . .      Spirit   .   c - +0 leather armour
rPois   .          Reflect  .   (no helmet)
rElec   .          Harm     .   (no cloak)
rCorr   .          Rampage  .   (no gloves)
Will    .....                   (no boots)
Stlth   ++........              f - amulet of magic regeneration
HPRegen 0.05/turn               (no ring)
MPRegen 0.49/turn               (no ring)

@: no status effects
A: no striking features
a: no special abilities


You were on level 1 of the Dungeon.
You visited 1 branch of the dungeon, and saw 1 of its levels.

You collected 13 gold pieces.

Inventory:

Hand Weapons
 a - a +1 shortbow (weapon)
 b - a +0 short sword
Missiles
 d - 10 arrows (quivered ammo)
Armour
 c - a +0 leather armour (worn)
Jewellery
 f - an amulet of magic regeneration (around neck)
Scrolls
 e - a scroll of silence {unknown}
 h - 3 scrolls of amnesia {unknown}
Potions
 g - a potion of lignification {unknown}


   Skills:
 + Level 2.2 Fighting
 + Level 5.9 Bows
 - Level 2.4 Dodging
 - Level 1.2 Stealth


You had one spell level left.
You didn't know any spells.
Your spell library was empty.

Dungeon Overview and Level Annotations

Branches:
Dungeon (1/15)

Altars:


Message History

You are too injured to fight recklessly!
You are too injured to fight recklessly!
You are too injured to fight recklessly!
You are too injured to fight recklessly!
You are too injured to fight recklessly!
You are too injured to fight recklessly!
You are too injured to fight recklessly!
You are too injured to fight recklessly!
You are too injured to fight recklessly!
You are too injured to fight recklessly!
You are too injured to fight recklessly!
You are too injured to fight recklessly!
You are too injured to fight recklessly!
a - a +1 shortbow (weapon)
The endoplasm freezes you.
You are frozen.
* * * LOW HITPOINT WARNING * * *
Fire: 13 arrows
Press: ? - help, Q - select action Shift-Dir - straight line, f - endoplasm
Aim: an endoplasm (moderately wounded, 87% to hit)
You shoot an arrow. The arrow hits the endoplasm.
The endoplasm is almost dead.
The endoplasm hits you but does no damage.
Fire: 12 arrows
Press: ? - help, Q - select action Shift-Dir - straight line, f/p - endoplasm
Aim: an endoplasm (almost dead, 87% to hit)
You shoot an arrow.
The arrow hits the endoplasm but does no damage.
The endoplasm is almost dead.
The endoplasm hits you.
* * * LOW HITPOINT WARNING * * *
Fire: 11 arrows
Press: ? - help, Q - select action Shift-Dir - straight line, f/p - endoplasm
Aim: an endoplasm (almost dead, 87% to hit)
You shoot an arrow.
The arrow hits the endoplasm but does no damage.
The endoplasm is almost dead.
The endoplasm freezes you.
You are frozen.
You die...

#...........# #.÷.
#...........# .....
#...........##
.....#
#####............##
##...
..................#
#...
........##........#
........##........#
........##..[.....#
.(......##....@†..#
........##.....J..#
##########.......##
#.......# #.......#
#########


You could see an endoplasm.

Vanquished Creatures
  A dart slug (D:1)
  A ball python (D:1)
  3 endoplasms (D:1)
  2 hobgoblins (D:1)
  4 jackals (D:1)
  A quokka (D:1)
  A bat (D:1)
  2 frilled lizards (D:1)
  2 kobolds (D:1)
  4 rats (D:1)
21 creatures vanquished.

Vanquished Creatures (others)
  8 plants (D:1)
8 creatures vanquished.

Grand Total: 29 creatures vanquished

Notes
Turn   | Place    | Note
-------+----------+-------------------------------------------
     0 | D:1      | Gabide the Deep Elf Hunter began the quest for the Orb.
     0 | D:1      | Reached XP level 1. HP: 12/12 MP: 3/3
   205 | D:1      | Reached XP level 2. HP: 17/17 MP: 4/4
   803 | D:1      | Frozen to death by an endoplasm

Illustrated notes

Levels and vault maps discovered:
D:1:      amcnicky_arrival_wind_blow, layout_basic, chequers_big_river,
          minmay_misc_feat_encased

Skill      XL: |  1  2 |
---------------+-------+-----
Fighting       | 2 |  2.2
Bows           | |  5.9
Dodging        | |  2.4
Stealth        | |  1.2

Action                   || total
-------------------------++-------
Melee: Short sword       ||    38
       Punch             ||     2
 Fire: Shortbow          ||    37
Armor: Leather armour    ||    21
Dodge: Dodged            ||    48
